 Dungeon Crawl Stone Soup version 0.24.0-125-gc4c63601f3 (webtiles) character file.

Game seed: 11784829524547028283, levelgen mode: deterministic

59 CrazyMind the Shield-Bearer (level 4, -4/35 HPs)
             Began as a Human Fighter on Mar 1, 2020.
             Slain by an ogre
             ... wielding a +0 giant club
              (19 damage)
             ... on level 3 of the Dungeon.
             The game lasted 00:06:58 (1573 turns).

CrazyMind the Shield-Bearer (Human Fighter)         Turns: 1573, Time: 00:06:58

Health: -4/35      AC:  6    Str: 17    XL:     4   Next: 22%
Magic:  4/4        EV:  7    Int:  9    God:
Gold:   31         SH:  9    Dex: 12    Spells: 3/3 levels left

rFire    . . .     SeeInvis .   a - +0 long sword
rCold    . . .     Gourm    .   c - +0 shield
rNeg     . . .     Faith    .   b - +0 scale mail
rPois    .         Spirit   .   (no helmet)
rElec    .         Reflect  .   (no cloak)
rCorr    .         Harm     .   (no gloves)
MR       .....                  (no boots)
Stlth    ..........             (no amulet)
HPRegen  0.11/turn              (no ring)
MPRegen  0.09/turn              (no ring)

@: no status effects
A: no striking features
a: no special abilities


You were on level 3 of the Dungeon.
You were hungry.

You visited 1 branch of the dungeon, and saw 3 of its levels.

You collected 31 gold pieces.

Inventory:

Hand Weapons
 a - a +0 long sword (weapon)
 e - a +0 short sword
Missiles
 d - 46 stones (quivered)
Armour
 b - a +0 scale mail (worn)
 c - a +0 shield (worn)
Potions
 h - 2 potions of heal wounds
 i - a potion of brilliance {unknown}
 j - a potion of curing {unknown}
 l - a potion of ambrosia {unknown}
Comestibles
 f - a ration
 g - 2 chunks of flesh


   Skills:
 + Level 3.3 Fighting
 + Level 3.1 Long Blades
 + Level 3.3 Armour
 + Level 0.1 Dodging
 + Level 3.4 Shields


You had 3 spell levels left.
You didn't know any spells.
Your spell library was empty.

Dungeon Overview and Level Annotations

Branches:
Dungeon (3/15)

Altars:
Ru

Annotations:
D:1 exclusion: downstairs
D:2 exclusion: upstairs, Sigmund


Message History

The ogre barely misses you.
You hit the ogre but do no damage.
The ogre is severely wounded.
The ogre hits you with a +0 giant club.
You are feeling hungry.
You hit the ogre.
The ogre is almost dead.
You block the ogre's attack.
You hit the ogre.
The ogre is almost dead.
The ogre barely misses you.
You riposte.
You barely miss the ogre.
The ogre is almost dead.
You hit the ogre.
The ogre is almost dead.
You block the ogre's attack.
You hit the ogre.
The ogre is almost dead.
The ogre hits you with a +0 giant club!!
Ouch! That really hurt!
You die...

#.....(.# #....#.#.#
#.# #......#.# #.# .
#......#.#####.#
..##.#.#.......##.#
.......≈≈≈.#.##.#
#.#...≈)≈.#.##.#
#.....≈≈≈.#.##O#
##...........@.#
##.....##....####
##.......####.#.####
#..÷......###......#
+.........+........#
#.........####.....###
##.......## #.......#
##.....## #.##..#.#
##...## #.#...#.#


You could see an ogre.

Vanquished Creatures
  An adder (D:2)
  2 oozes (D:1)
  2 worms (D:2)
  A ball python (D:2)
  2 giant cockroaches (D:2)
  3 goblins
  3 hobgoblins
  2 jackals (D:1)
  A quokka (D:3)
  6 bats
  3 frilled lizards (D:1)
  7 kobolds
  5 rats
38 creatures vanquished.

Notes
Turn   | Place    | Note
-------+----------+-------------------------------------------
     0 | D:1      | CrazyMind the Human Fighter began the quest for the Orb.
     0 | D:1      | Reached XP level 1. HP: 18/18 MP: 1/1
   312 | D:1      | Reached XP level 2. HP: 23/24 MP: 2/2
   761 | D:1      | Reached XP level 3. HP: 29/29 MP: 3/3
  1092 | D:2      | Found a sacrificial altar of Ru.
  1181 | D:2      | Reached XP level 4. HP: 30/35 MP: 4/4
  1429 | D:2      | Noticed Sigmund
  1555 | D:3      | Noticed an ogre
  1573 | D:3      | Slain by an ogre

Levels and vault maps discovered:
D:1:      lemuel_arrival_tunnels, layout_basic, kennysheep_another_room
D:2:      layout_basic, elyvilon_altar_3, nicolae_overflow_crystal_walls,
          nicolae_underground_beach, uniq_sigmund
D:3:      layout_loops_corners, lemuel_doored_altar, portal_sewer_entry_b,
          corexii_item_surrounded_by_moat

Skill      XL: |  1  2  3  4 |
---------------+-------------+-----
Long Blades    | 3 |  3.1
Fighting       | |  3.3
Armour         | |  3.3
Dodging        | |  0.1
Shields        | |  3.4

Action                   |  1- 3 |  4- 6 || total
-------------------------+-------+-------++-------
Melee: Long sword        |   115 |    45 ||   160
Throw: Stone             |     5 |     6 ||    11
       Dart              |       |     4 ||     4
  Use: Potion            |     1 |     1 ||     2
       Scroll            |       |     1 ||     1
  Eat: Chunk             |     1 |     1 ||     2
Armor: Scale mail        |    48 |    20 ||    68
Dodge: Dodged            |    28 |    16 ||    44
Block: Shield            |    51 |    23 ||    74
       Rpst.: Long sword |    11 |     7 ||    18
